MLB
HOUSTON ASTROS @ MINNESOTA TWINS
06/19/2042
 
TOP OF THE 1ST
Houston Astros batting - Pitching for Minnesota Twins : RHP Gil Warner
Pitching: RHP Gil Warner
Batting: RHB José Archuleta 0-0: Called Strike
0-1: Foul Ball, location: 2F
0-2: Ground out 6-3 (Groundball, 6, EV 92.5 MPH)
Batting: RHB Ted Valéncia 0-0: Ball
1-0: Fly out, F7 (Flyball, 7, EV 82.5 MPH)
Batting: LHB José Robles 0-0: Called Strike
0-1: Foul Ball, location: 7LMF
0-2: Ball
1-2: Ball
2-2: Strikes out swinging
Top of the 1st over - 0 runs, 0 hits, 0 errors, 0 left on base; Houston 0 - Minnesota 0
BOTTOM OF THE 1ST
Minnesota Twins batting - Pitching for Houston Astros : LHP Ron Stonge
Pitching: LHP Ron Stonge
Batting: LHB Ánibal Santos 0-0: Swinging Strike
0-1: Foul Ball, location: 5DF
0-2: Ball
1-2: Foul Ball, location: 7LMF
1-2: Ball
2-2: Strikes out swinging
Batting: RHB Juan Juárez 0-0: Called Strike
0-1: Ball
1-1: Ball
2-1: Ball
3-1: Swinging Strike
3-2: SOLO HOME RUN (Flyball, 8LXD, EV 111.3 MPH), Distance : 420 ft
Batting: LHB Joe Anderson 0-0: Ball
1-0: Ball
2-0: Fly out, F7 (Flyball, 78S, EV 84.4 MPH)
Batting: RHB Mike Hudson 0-0: Foul Ball, location: 23F
0-1: Ball
1-1: Swinging Strike
1-2: Ball
2-2: Foul Ball, location: 2F
2-2: Ball
3-2: Foul Ball, location: 9LSF
3-2: Base on Balls
Batting: SHB Steve Sanders 0-0: Fly out, F7 (Flyball, 78S, EV 76.9 MPH)
Bottom of the 1st over - 1 run, 1 hit, 0 errors, 1 left on base; Houston 0 - Minnesota 1
TOP OF THE 2ND
Houston Astros batting - Pitching for Minnesota Twins : RHP Gil Warner
Batting: RHB José Mercado 0-0: Ball
1-0: Ball
2-0: Ball
3-0: Base on Balls
Batting: RHB Adrián Juárez 0-0: Ball
1-0: Grounds into double play, 4-6-3 (Groundball, 4, EV 91.3 MPH)
Batting: RHB Ethan Sutton 0-0: SINGLE (Line Drive, 9S, EV 95.6 MPH)
Batting: RHB Tim O'Kinsella 0-0: Called Strike
0-1: Called Strike
Ethan Sutton steals 2nd base
0-2: Ball
1-2: Ball
2-2: Ball
3-2: Base on Balls
Batting: RHB Cam Crouch 0-0: Ball
1-0: Ball
2-0: Fly out, F4 (Popup, 4MD, EV 62.5 MPH)
Top of the 2nd over - 0 runs, 1 hit, 0 errors, 2 left on base; Houston 0 - Minnesota 1
BOTTOM OF THE 2ND
Minnesota Twins batting - Pitching for Houston Astros : LHP Ron Stonge
Batting: LHB Pancho Cervantez 0-0: Ball
1-0: Ball
2-0: Fly out, F7 (Flyball, 78M, EV 95.6 MPH)
Batting: RHB Chris Porter 0-0: Ball
1-0: Ball
2-0: Swinging Strike
2-1: Foul Ball, location: 3FF
2-2: Foul Ball, location: 9LMF
2-2: Ball
3-2: SINGLE (Line Drive, 9LS, EV 96.3 MPH)
Batting: LHB Kaspar Linge 0-0: Called Strike
0-1: Called Strike
0-2: Ball
1-2: Strikes out swinging
Batting: LHB Liberaratore Eli 0-0: Ball
Chris Porter is caught stealing 2nd base 2-6
Bottom of the 2nd over - 0 runs, 1 hit, 0 errors, 0 left on base; Houston 0 - Minnesota 1
TOP OF THE 3RD
Houston Astros batting - Pitching for Minnesota Twins : RHP Gil Warner
Batting: RHB António Garza 0-0: SINGLE (Groundball, 6MD, EV 105.6 MPH)
Batting: RHB José Archuleta 0-0: Called Strike
0-1: TRIPLE (Line Drive, 89XD, EV 110.0 MPH)
António Garza scores
Batting: RHB Ted Valéncia 0-0: Ground out 5-3 (Groundball, 5, EV 109.4 MPH)
Batting: LHB José Robles 0-0: Called Strike
0-1: Ball
1-1: Foul Ball, location: 2F
1-2: Ball
2-2: Foul Ball, location: 25F
2-2: Foul Ball, location: 9LMF
2-2: Ground out 6-3 (Groundball, 6, EV 87.5 MPH)
José Archuleta scores
Batting: RHB José Mercado 0-0: Ball
1-0: Ball
2-0: SINGLE (Groundball, 6M, EV 88.1 MPH) (infield hit)
Batting: RHB Adrián Juárez 0-0: Ball
1-0: Ball
2-0: Called Strike
2-1: Swinging Strike
2-2: Ball
3-2: Foul Ball, location: 3FF
3-2: Foul Ball, location: 3SF
3-2: Base on Balls
José Mercado to second
Batting: RHB Ethan Sutton 0-0: Called Strike
0-1: Ball
1-1: Ball
2-1: Swinging Strike
2-2: Strikes out swinging
Top of the 3rd over - 2 runs, 3 hits, 0 errors, 2 left on base; Houston 2 - Minnesota 1
BOTTOM OF THE 3RD
Minnesota Twins batting - Pitching for Houston Astros : LHP Ron Stonge
Batting: LHB Liberaratore Eli 0-0: Called Strike
0-1: Ball
1-1: Ball
2-1: Foul Ball, location: 5FF
2-2: Ground out U3 (Groundball, 3S, EV 87.5 MPH)
Batting: LHB Ánibal Santos 0-0: Ball
1-0: Swinging Strike
1-1: Foul Ball, location: 5FF
1-2: SINGLE (Groundball, 6MD, EV 104.4 MPH)
Batting: RHB Juan Juárez 0-0: Ball
Ánibal Santos is caught stealing 2nd base 2-4
1-0: Swinging Strike
1-1: Ground out 1-3 (Groundball, 15S, EV 66.3 MPH)
Bottom of the 3rd over - 0 runs, 1 hit, 0 errors, 0 left on base; Houston 2 - Minnesota 1
TOP OF THE 4TH
Houston Astros batting - Pitching for Minnesota Twins : RHP Gil Warner
Batting: RHB Tim O'Kinsella 0-0: Ball
1-0: Fly out, F8 (Flyball, 8RXD, EV 95.6 MPH)
Batting: RHB Cam Crouch 0-0: Swinging Strike
0-1: Foul Ball, location: 2LF
0-2: Ball
1-2: Ground out U3 (Groundball, 3, EV 101.9 MPH)
Batting: RHB António Garza 0-0: Ball
1-0: SINGLE (Line Drive, 6MD, EV 107.5 MPH)
Batting: RHB José Archuleta 0-0: Foul Ball, location: 2F
0-1: Ball
1-1: Foul Ball, location: 25F
1-2: Foul Ball, location: 25F
1-2: Strikes out swinging
Top of the 4th over - 0 runs, 1 hit, 0 errors, 1 left on base; Houston 2 - Minnesota 1
BOTTOM OF THE 4TH
Minnesota Twins batting - Pitching for Houston Astros : LHP Ron Stonge
Batting: LHB Joe Anderson 0-0: Ball
1-0: Ball
2-0: Ball
3-0: Foul Ball, location: 2F
3-1: Base on Balls
Batting: RHB Mike Hudson 0-0: Ball
1-0: Called Strike
1-1: Foul Ball, location: 7LSF
1-2: Grounds into double play, 6-4-3 (Groundball, 56, EV 102.5 MPH)
Batting: SHB Steve Sanders 0-0: Called Strike
0-1: Ball
1-1: Ball
2-1: Ground out 6-3 (Groundball, 6M, EV 85.0 MPH)
Bottom of the 4th over - 0 runs, 0 hits, 0 errors, 0 left on base; Houston 2 - Minnesota 1
TOP OF THE 5TH
Houston Astros batting - Pitching for Minnesota Twins : RHP Gil Warner
Batting: RHB Ted Valéncia 0-0: Called Strike
0-1: Fly out, F9 (Flyball, 89S, EV 89.4 MPH)
Batting: LHB José Robles 0-0: Called Strike
0-1: Ball
1-1: Ball
2-1: Ball
3-1: Foul Ball, location: 3FF
3-2: Base on Balls
Batting: RHB José Mercado 0-0: Called Strike
0-1: Foul Ball, location: 2F
0-2: Ball
1-2: Ball
2-2: SINGLE (Flyball, 5D, EV 93.1 MPH)
José Robles to second
Batting: RHB Adrián Juárez 0-0: Called Strike
0-1: Ball
1-1: Ball
2-1: Ball
3-1: Swinging Strike
3-2: Base on Balls
José Robles to third
José Mercado to second
Batting: RHB Ethan Sutton 0-0: Ball
1-0: Grounds into fielders choice 6-2 (Groundball, 56, EV 84.4 MPH)
José Mercado to third
Adrián Juárez to second
Batting: RHB Tim O'Kinsella 0-0: Ball
1-0: Swinging Strike
1-1: Ball
2-1: Called Strike
2-2: Foul Ball, location: 2RF
2-2: Foul Ball, location: 2F
2-2: Ball
3-2: Ground out 5-3 (Groundball, 56S, EV 86.9 MPH)
Top of the 5th over - 0 runs, 1 hit, 0 errors, 3 left on base; Houston 2 - Minnesota 1
BOTTOM OF THE 5TH
Minnesota Twins batting - Pitching for Houston Astros : LHP Ron Stonge
Batting: LHB Pancho Cervantez 0-0: Fly out, F7 (Flyball, 7LS, EV 77.5 MPH)
Batting: RHB Chris Porter 0-0: Foul Ball, location: 2RF
0-1: Ball
1-1: Foul Ball, location: 9LSF
1-2: Ball
2-2: SINGLE (Flyball, 89M, EV 88.8 MPH)
Batting: LHB Kaspar Linge 0-0: Ball
Chris Porter steals 2nd base
1-0: Ball
2-0: Fly out, F8 (Flyball, 8RXD, EV 110.6 MPH)
Runner from 2nd tags up, SAFE at 3rd, no throw by CF
Batting: LHB Liberaratore Eli 0-0: Ground out 6-3 (Groundball, 6, EV 81.9 MPH)
Bottom of the 5th over - 0 runs, 1 hit, 0 errors, 1 left on base; Houston 2 - Minnesota 1
TOP OF THE 6TH
Houston Astros batting - Pitching for Minnesota Twins : RHP Gil Warner
Batting: RHB Cam Crouch 0-0: Called Strike
0-1: Ground out 5-3 (Groundball, 5L, EV 105.6 MPH)
Batting: RHB António Garza 0-0: Foul Ball, location: 2F
0-1: Ball
1-1: Fly out, F9 (Flyball, 9, EV 93.1 MPH)
Batting: RHB José Archuleta 0-0: Fly out, F4 (Line Drive, 4, EV 73.8 MPH)
Top of the 6th over - 0 runs, 0 hits, 0 errors, 0 left on base; Houston 2 - Minnesota 1
BOTTOM OF THE 6TH
Minnesota Twins batting - Pitching for Houston Astros : LHP Ron Stonge
Batting: LHB Ánibal Santos 0-0: Fly out, F8 (Flyball, 8LXD, EV 94.4 MPH)
Batting: RHB Juan Juárez 0-0: Ball
1-0: Ball
2-0: Foul Ball, location: 7LSFF
2-1: Called Strike
2-2: Strikes out swinging
Batting: LHB Joe Anderson 0-0: Called Strike
0-1: Called Strike
0-2: Ball
1-2: Fly out, F9 (Flyball, 89M, EV 95.0 MPH)
Bottom of the 6th over - 0 runs, 0 hits, 0 errors, 0 left on base; Houston 2 - Minnesota 1
TOP OF THE 7TH
Houston Astros batting - Pitching for Minnesota Twins : RHP Gil Warner
Pitching: LHP Manny Fernández
Batting: RHB Ted Valéncia 0-0: Swinging Strike
0-1: Called Strike
0-2: Ball
1-2: Foul Ball, location: 9LMF
1-2: Ball
2-2: Foul Ball, location: 25F
2-2: Ball
3-2: Ground out 6-3 (Groundball, 6, EV 91.9 MPH)
Batting: LHB José Robles 0-0: Foul Ball, location: 2F
0-1: Called Strike
0-2: Ball
1-2: Strikes out swinging
Batting: RHB José Mercado 0-0: Called Strike
0-1: Ball
1-1: Ball
2-1: Foul Ball, location: 25F
2-2: Fly out, F8 (Flyball, 78D, EV 88.8 MPH)
Top of the 7th over - 0 runs, 0 hits, 0 errors, 0 left on base; Houston 2 - Minnesota 1
BOTTOM OF THE 7TH
Minnesota Twins batting - Pitching for Houston Astros : LHP Ron Stonge
Batting: RHB Mike Hudson 0-0: Ball
1-0: Ground out 6-3 (Groundball, 6S, EV 76.3 MPH)
Batting: SHB Steve Sanders 0-0: Ball
1-0: Foul Ball, location: 3DF
1-1: Swinging Strike
1-2: Foul Ball, location: 2F
1-2: Ball
2-2: Fly out, F8 (Flyball, 89D, EV 90.0 MPH)
Batting: LHB Pancho Cervantez 0-0: Called Strike
0-1: Ball
1-1: Ball
2-1: Fly out, F7 (Flyball, 7S, EV 89.4 MPH)
Bottom of the 7th over - 0 runs, 0 hits, 0 errors, 0 left on base; Houston 2 - Minnesota 1
TOP OF THE 8TH
Houston Astros batting - Pitching for Minnesota Twins : LHP Manny Fernández
Batting: RHB Adrián Juárez 0-0: Ball
1-0: Foul Ball, location: 2F
1-1: Swinging Strike
1-2: Ball
2-2: Strikes out swinging
Batting: RHB Ethan Sutton 0-0: Ball
1-0: Called Strike
1-1: Ball
2-1: Foul Ball, location: 7LDF
2-2: Foul Ball, location: 2F
2-2: Ball
3-2: Foul Ball, location: 5DF
3-2: Foul Ball, location: 2F
3-2: SOLO HOME RUN (Flyball, 7D, EV 99.4 MPH), Distance : 385 ft
Batting: RHB Tim O'Kinsella 0-0: Ball
1-0: Ball
2-0: Ground out 5-3 (Groundball, 56S, EV 79.4 MPH)
Batting: RHB Cam Crouch 0-0: Ground out 6-3 (Groundball, 6, EV 88.1 MPH)
Top of the 8th over - 1 run, 1 hit, 0 errors, 0 left on base; Houston 3 - Minnesota 1
BOTTOM OF THE 8TH
Minnesota Twins batting - Pitching for Houston Astros : LHP Ron Stonge
Pitching: RHP José Menéndez
Now at 2B: Manny Castillo
Batting: RHB Chris Porter 0-0: Foul Ball, location: 2F
0-1: Ball
1-1: Foul Ball, location: 23FF
1-2: Foul Ball, location: 5FF
1-2: Ball
2-2: Fly out, F8 (Flyball, 8RD, EV 101.3 MPH)
Batting: LHB Kaspar Linge 0-0: Called Strike
0-1: Called Strike
0-2: Foul Ball, location: 7LSF
0-2: Ball
1-2: Ball
2-2: Fly out, F7 (Flyball, 7, EV 93.8 MPH)
Batting: LHB Liberaratore Eli 0-0: Ball
1-0: Ground out 4-3 (Groundball, 4, EV 82.5 MPH)
Bottom of the 8th over - 0 runs, 0 hits, 0 errors, 0 left on base; Houston 3 - Minnesota 1
TOP OF THE 9TH
Houston Astros batting - Pitching for Minnesota Twins : LHP Manny Fernández
Batting: RHB António Garza 0-0: Ball
1-0: Ground out 5-3 (Groundball, 56S, EV 80.6 MPH)
Batting: RHB José Archuleta 0-0: Ground out 6-3 (Groundball, 6, EV 78.1 MPH)
Batting: RHB Ted Valéncia 0-0: Ball
1-0: Ball
2-0: Ball
3-0: Called Strike
3-1: Swinging Strike
3-2: Foul Ball, location: 3SF
3-2: Foul Ball, location: 9LSF
3-2: Strikes out swinging
Top of the 9th over - 0 runs, 0 hits, 0 errors, 0 left on base; Houston 3 - Minnesota 1
BOTTOM OF THE 9TH
Minnesota Twins batting - Pitching for Houston Astros : RHP José Menéndez
Pitching: RHP José Reyes
Batting: LHB Ánibal Santos 0-0: Ball
1-0: Called Strike
1-1: Foul Ball, location: 25F
1-2: Foul Ball, location: 5FF
1-2: Foul Ball, location: 9LDF
1-2: Ground out U3 (Groundball, 3, EV 76.3 MPH)
Pinch Hitting: SHB Ron Richards 0-0: Called Strike
0-1: Foul Ball, location: 5FF
0-2: Ball
1-2: Ball
2-2: Foul Ball, location: 2F
2-2: Strikes out swinging
Batting: LHB Joe Anderson 0-0: Ground out 4-3 (Groundball, 4, EV 85.0 MPH)
Bottom of the 9th over - 0 runs, 0 hits, 0 errors, 0 left on base; Houston 3 - Minnesota 1
Friday, May 3rd , 2024 - OOTP Baseball 24.10 Build 82